 Dungeon Crawl Stone Soup version 0.21.1-1-g345015f (webtiles) character file.

167 Merlin the Skirmisher (level 5, 0/64 HPs)
             Began as a Demonspawn Chaos Knight on July 10, 2018.
             Slain by an orc
             ... wielding a +0 war axe
              (5 damage)
             ... on level 3 of the Dungeon.
             The game lasted 00:08:20 (1800 turns).

Merlin the Skirmisher (Demonspawn Chaos Knight)     Turns: 1800, Time: 00:08:20

Health: 0/64       AC:  5    Str: 15 (17) XL:     5   Next: 23%
Magic:  5/5        EV: 11    Int: 12 (14) God:    Xom [..*...]
Gold:   46         SH:  4    Dex: 12 (13) Spells: 4/4 levels left

rFire    . . .     SeeInvis .   a - +0 mace (chaos)
rCold    . . .     Gourm    .   (no shield)
rNeg     . . .     Faith    .   b - +2 leather armour
rPois    .         Spirit   .   (helmet restricted)
rElec    .         Reflect  .   (no cloak)
rCorr    .         Harm     .   (no gloves)
MR       .....                  (no boots)
Stlth    ..........             (no amulet)
HPRegen  2.20/turn              j - ring of wizardry
MPRegen  0.09/turn              (no ring)

@: berserking, lethally poisoned (0 -> -1), very quick
A: antennae 1, large bone plates 1, powered by death 1
a: Renounce Religion


You were on level 3 of the Dungeon.
You worshipped Xom.
You were a toy of Xom.
You were not hungry.

You visited 1 branch of the dungeon, and saw 3 of its levels.

You collected 46 gold pieces.

Inventory:

Hand Weapons
 a - a +0 mace of chaos (weapon)
 s - a +0 arbalest
Missiles
 p - 8 javelins (quivered)
Armour
 b - a +2 leather armour (worn)
Jewellery
 j - a ring of wizardry (left hand)
Scrolls
 d - a scroll of identify
 e - a scroll of random uselessness {unknown}
 f - 2 scrolls of magic mapping {unknown}
 g - a scroll of fog {unknown}
 k - a scroll of enchant armour
 l - a scroll of remove curse {unknown}
 o - a scroll of teleportation {unknown}
Potions
 h - a potion of heal wounds {unknown}
 i - a potion of degeneration
 t - a potion of brilliance {unknown}
Comestibles
 c - 2 rations
 r - 5 chunks of flesh


   Skills:
 + Level 4.4 Fighting
 + Level 3.8 Maces & Flails
 + Level 2.3 Armour
 + Level 1.5 Dodging
 + Level 0.6 Stealth


You had 4 spell levels left.
You didn't know any spells.

Dungeon Overview and Level Annotations

Branches:
Dungeon (3/15)

Altars:
Cheibriados
Zin


Innate Abilities, Weirdness & Mutations

You have a pair of small antennae on your head.
You are partially covered in large bone plates. (SH +4)
You regenerate a little health from kills.


Message History

* * * LOW HITPOINT WARNING * * *
You feel very sick.
Reactivating autopickup.
You feel a bit more experienced.
The hobgoblin hits you but does no damage.
It was a potion of berserk rage.
A red film seems to cover your vision as you go berserk!
You feel yourself moving faster!
You feel mighty!
* * * LOW HITPOINT WARNING * * *
You feel very sick. The hobgoblin barely misses you.
You sock the hobgoblin! You freeze the hobgoblin.
You kill the hobgoblin!
You feel very sick.
You hit the orc. You freeze the orc.
The orc is severely wounded.
You feel sick. The orc barely misses you.
You barely miss the orc.
The orc is severely wounded.
You feel sick. The orc hits you with a war axe.
You die...

#..w......##
.......... ........#
$......# ......###.
......... #.....#
#####w....#
###########.@owb.##.#
#...........####.!#
#.........### .....
#.........# ###..#
########.## #...
####.#### ......
#.##....### ##w....#
#........... .... ..
#..#####.<.# #..
##.##


You could see 2 worms, an orc and a bat.

Vanquished Creatures
  An orc wizard (D:3)
  A hound skeleton (D:2)
  3 gnolls (D:2)
  5 adders
  An ooze (D:2)
  A worm (D:2)
  2 dart slugs
  A leopard gecko (D:1)
  2 orcs
  2 ball pythons
  3 giant cockroaches
  3 hobgoblins
  7 kobolds
  2 quokkas
  4 bats
  3 frilled lizards (D:2)
  3 rats
44 creatures vanquished.

Notes
Turn   | Place    | Note
-------+----------+-------------------------------------------
     0 | D:1      | Merlin the Demonspawn Chaos Knight began the quest for the Orb.
     0 | D:1      | Reached XP level 1. HP: 18/18 MP: 1/1
   136 | D:1      | Gained mutation: You have a pair of small antennae on your head. [demonic ancestry]
   136 | D:1      | Reached XP level 2. HP: 12/24 MP: 2/2
   156 | D:1      | XOM: divination: magic mapping
   226 | D:1      | XOM: harmless Fire miscast
   493 | D:2      | XOM: potion effect (might)
   495 | D:2      | Reached skill level 1 in Dodging
   495 | D:2      | Reached XP level 3. HP: 30/30 MP: 3/3
   499 | D:2      | Reached skill level 4 in Fighting
   539 | D:2      | Found a snail-covered altar of Cheibriados.
   540 | D:2      | Found a glowing silver altar of Zin.
   950 | D:2      | XOM: harmless Erth miscast
  1072 | D:2      | Gained mutation: You regenerate a little health from kills. [demonic ancestry]
  1072 | D:2      | Reached XP level 4. HP: 37/37 MP: 4/4
  1257 | D:2      | XOM: potion effect (invisibility)
  1261 | D:2      | XOM: harmless Pois miscast
  1593 | D:2      | XOM: harmless Hex miscast
  1778 | D:3      | Gained mutation: You are partially covered in large bone plates. (SH +4) [demonic ancestry]
  1778 | D:3      | Reached XP level 5. HP: 42/43 MP: 5/5
  1800 | D:3      | Slain by an orc

Skill      XL: |  1  2  3 |
---------------+----------+-----
Dodging        | 1 |  1.5
Fighting       | 4 |  4.4
Maces & Flails | 3 |  3.8
Armour         | 2 |  2.3
Stealth        | |  0.6

Action                   |  1- 3 |  4- 6 || total
-------------------------+-------+-------++-------
Melee: Mace              |    87 |    70 ||   157
  Use: Scroll            |     3 |       ||     3
       Potion            |       |     5 ||     5
 Stab: Sleeping          |     1 |       ||     1
       Invisible         |       |     1 ||     1
  Eat: Chunk             |     1 |     2 ||     3
Armor: Leather armour    |    41 |    23 ||    64
Dodge: Dodged            |    53 |    41 ||    94
Block: Other             |       |     3 ||     3
